 Dungeon Crawl Stone Soup version 0.23.2-1-ga50397a (webtiles) character file.

Game seed: 6857797098983018471

161026 Hogrash the Phalangite (level 17, -5/156 HPs)
             Began as a Hill Orc Monk on May 6, 2019.
             Was the Champion of Beogh.
             Slain by a guardian serpent (6 damage)
             ... on level 4 of the Snake Pit.
             The game lasted 03:08:57 (31154 turns).

Hogrash the Phalangite (Hill Orc Monk)             Turns: 31154, Time: 03:09:02

Health: -5/156     AC: 26    Str: 26    XL:     17   Next: 77%
Magic:  20/22      EV: 12    Int: 18    God:    Beogh [******]
Gold:   837        SH:  0    Dex: 15    Spells: 16/16 levels left

rFire    + . .     SeeInvis .   K - +9 bardiche (venom)
rCold    . . .     Gourm    .   (shield currently unavailable)
rNeg     . . .     Faith    .   G - +9 scale mail of Depression {Int+4}
rPois    +         Spirit   .   t - +0 helmet of the Devil's Advocate {Regen+ Dex+2}
rElec    .         Reflect  .   N - +1 cloak
rCorr    .         Harm     .   H - +0 pair of gloves
MR       +....                  A - +0 pair of boots of the Sun {Int+4}
Stlth    +.........             W - amulet of rage
HPRegen  0.76/turn              e - ring of poison resistance
MPRegen  0.18/turn              s - ring of protection from fire

@: mighty, lethally poisoned (-5 -> -6), very slightly contaminated
A: walk on water
a: Smiting, Recall Orcish Followers, Give Item to Named Follower, Resurrection,
Renounce Religion, Evoke Berserk Rage


You were on level 4 of the Snake Pit.
You worshipped Beogh.
Beogh was exalted by your worship.
You were not hungry.

You visited 4 branches of the dungeon, and saw 27 of its levels.
You also visited: Gauntlet and Volcano.

You collected 2825 gold pieces.
You spent 1988 gold pieces at shops.

Inventory:

Hand Weapons
 K - a +9 bardiche of venom (weapon)
 V - a +1 glaive of chopping
Armour
 t - the +0 helmet of the Devil's Advocate (worn) {Regen+ Dex+2}
   (You found it on level 4 of the Dungeon)

   It affects your dexterity (+2).
   It increases your rate of regeneration.
 A - the +0 pair of boots of the Sun (worn) {Int+4}
   (You found it in a Gauntlet)

   It affects your intelligence (+4).
 G - the +9 scale mail of Depression (worn) {Int+4}
   (You took it off a minotaur in a Gauntlet)

   It affects your intelligence (+4).
 H - a +0 pair of gloves (worn)
 N - a +1 cloak (worn)
 U - a +1 helmet of see invisible
Jewellery
 d - the ring of the Special Beds {Ice +Inv rN+ Dex+2 Stlth-}
   (You found it on level 15 of the Dungeon)

   [ring of ice]

   It enhances your ice magic.
   It affects your dexterity (+2).
   It makes you vulnerable to fire.
   It protects you from cold.
   It protects you from negative energy.
   It lets you turn invisible.
   It makes you less stealthy.
 e - a ring of poison resistance (left hand)
 s - a ring of protection from fire (right hand)
 x - a +4 ring of evasion
 z - an uncursed ring of protection from fire
 L - the ring of Isoacyti {rC++ Slay-2}
   (You found it in a Gauntlet)

   [ring of slaying]

   It affects your accuracy and damage with ranged weapons and melee attacks
   (-2).
   It greatly protects you from cold.
 M - the ring "Lamapt" {rPois rF+ MR- Str+3 Int+2}
   (You found it on level 15 of the Dungeon)

   [ring of protection from fire]

   It affects your strength (+3).
   It affects your intelligence (+2).
   It protects you from fire.
   It protects you from poison.
   It affects your resistance to hostile enchantments.
 W - an amulet of rage (around neck)
 Z - the ring of Devotion {rCorr +Inv rC+}
   (You found it on level 15 of the Dungeon)

   [ring of resist corrosion]

   It protects you from cold.
   It lets you turn invisible.
Wands
 k - a wand of polymorph (5)
 p - a wand of digging (19)
 C - a wand of acid (25)
 Q - a wand of iceblast (9)
Scrolls
 g - 3 scrolls of fog
 h - 12 scrolls of teleportation
 j - 3 scrolls of magic mapping
 m - 3 scrolls of amnesia
 o - 7 scrolls of remove curse
 u - 2 scrolls of summoning
 w - 5 scrolls of fear
 B - a scroll of enchant weapon
 F - 2 scrolls of identify
 R - 5 scrolls of enchant armour
 T - 2 scrolls of vulnerability
 X - a scroll of brand weapon
Potions
 a - a potion of invisibility
 b - 2 potions of mutation
 i - 2 potions of haste
 l - 6 potions of flight
 n - 4 potions of brilliance
 q - 3 potions of lignification
 r - 2 potions of curing
 v - 4 potions of might
 D - a potion of heal wounds
 E - 2 potions of cancellation
 I - a potion of ambrosia
 J - 2 potions of magic
 P - a potion of berserk rage
Miscellaneous
 O - a fan of gales
 S - a lamp of fire (inert)
Comestibles
 c - 42 rations
 f - a chunk of flesh


   Skills:
 + Level 15.0 Fighting
 + Level 23.4 Polearms
 + Level 13.8 Armour
 - Level 2.4 Dodging
 - Level 1.5 Stealth
 - Level 7.6 Invocations
 - Level 0.1 Evocations


You had 16 spell levels left.
You didn't know any spells.
Your spell library contained the following spells:

 Spells                   Type           Power        Failure   Level  Hunger
 Animate Skeleton         Necr           N/A          38%         1    ##.....
 Apportation              Tloc           #.....       38%         1    ##.....
 Confusing Touch          Hex            #.....       38%         1    ##.....
 Corona                   Hex            #......      38%         1    ##.....
 Shock                    Conj/Air       #...         38%         1    ##.....
 Summon Small Mammal      Summ           #...         38%         1    ##.....
 Slow                     Hex            #.......     52%         2    ###....
 Swiftness                Chrm/Air       #.......     52%         2    ###....
 Confuse                  Hex            #.......     77%         3    ####...
 Gell's Gravitas          Tloc           #.........   77%         3    ####...
 Inner Flame              Hex/Fire       #.......     77%         3    ####...
 Portal Projectile        Hex/Tloc       #.....       77%         3    ####...
 Recall                   Summ/Tloc      N/A          77%         3    ####...
 Static Discharge         Conj/Air       #.......     77%         3    ####...
 Tukima's Dance           Hex            #.......     77%         3    ####...
 Airstrike                Air            #.........   99%         4    #####..
 Cause Fear               Hex            #.........   99%         4    #####..
 Leda's Liquefaction      Hex/Erth       #.........   99%         4    #####..
 Petrify                  Tmut/Erth      #.......     99%         4    #####..
 Aura of Abjuration       Summ           #.........   100%        5    ######.
 Lightning Bolt           Conj/Air       #.........   100%        5    ######.
 Metabolic Englaciation   Hex/Ice        #.........   100%        5    ######.
 Silence                  Hex/Air        #.........   100%        5    ######.
 Summon Demon             Summ           #.........   100%        5    ######.
 Summon Forest            Summ/Tloc      #.........   100%        5    ######.
 Summon Mana Viper        Hex/Summ       #.......     100%        5    ######.
 Yara's Violent Unravell  Hex/Tmut       #.........   100%        5    ######.
 Darkness                 Hex            #.........   100%        6    #######
 Shadow Creatures         Summ           N/A          100%        6    #######


Dungeon Overview and Level Annotations

Branches:
Dungeon (15/15)            Temple (0/1) D:6            Lair (6/6) D:9
 Shoals (0/4) Lair:2        Snake (4/4) Lair:2        Slime (0/5) Lair:5
    Orc (2/2) D:11            Elf (0/3) Orc:2        Vaults (0/5) D:14
 Depths (0/5) D:15

Altars:
Dithmenos
Elyvilon
Fedhas
Gozag
Hepliaklqana
Kikubaaqudgha
Makhleb
Okawaru
Qazlal
Ru
Trog
Uskayaw
Vehumet
Xom
Zin
The Shining One
Beogh

Shops:
D:6 [?}   D:10 (   D:11 !   D:13 :*?}=   Orc:2 *(%[:

Portals:
Trove: D:14 (give 20 scrolls of identify)

Annotations:
D:7 3 runed translucent doors, DavidChitty2's ghost, novice HOFi; davaitedunem's ghost, novice TrFi; schauveau's ghost, novice CeHu
Lair:5 exclusion: 3 oklob plants
Snake:4 Nergalle


Message History

You begin recalling your allies.
Urug is recalled.
Something loses its grip on Bladwarg.
Bladwarg is recalled.
You finish recalling your allies.
You feel sick.
You feel sick.
You feel sick.
The guardian serpent weaves intricate patterns with the tip of its tongue.
The guardian serpent blinks!
The naga sharpshooter blinks into view!
The naga ritualist blinks into view!
The naga sharpshooter blinks into view!
The naga warrior blinks into view!
The naga blinks!
The naga sharpshooter unwields a +0 flail.
The naga sharpshooter wields a +0 arbalest.
The naga sharpshooter mumbles some strange words.
The naga sharpshooter magically shoots a bolt.
The bolt hits you!
* * * LOW HITPOINT WARNING * * *
Urug hits the naga sharpshooter with a +6 demon trident!!
The guardian serpent hits you.
You die...

#...# ##)N)## #...#
##.(.##.. #...##)§(###..
#...N).##....
##.))§##....#
######N)##.....#
##.#..S)........#
.#####.SNNo.##.......#
...##......N@##..÷.......#
....##.....NN####.......##
....##......## ####......
#...##.<....####..##....
#...#....##......##....
#..##...##..........#.
#.... #...#...o..........
# #..<.
#8.<#.##........... #.....
#...####...........


You could see a naga warrior, a nagaraja, 2 naga sharpshooters, a naga
ritualist, 2 guardian serpents, a naga and the friendly Urug.

Vanquished Creatures
  Frances (Snake:2)
  Gastronok (D:9)
  The ghost of daning the Sorcerer, an adept DECj of Sif Muna (Snake:2)
  Nessos (D:14)
  A minotaur (Gauntlet)
  An ettin (Orc:1)
  A yaktaur captain (D:15)
  Harold (D:8)
  A hydra (D:12)
  3 vault guards (D:15)
  5 centaur warriors
  An anaconda (Snake:4)
  2 two-headed ogres
  A deep troll shaman (D:15)
  A tengu warrior (D:15)
  A death yak (Lair:5)
  2 naga sharpshooters
  2 shock serpents
  A sun demon (Volcano)
  A skeletal warrior (D:12)
  A fire crab (D:15)
  A hell knight (Volcano)
  A salamander mystic (Snake:3)
  A deep troll (shapeshifter) (Gauntlet)
  A wizard (D:15)
  A harpy (shapeshifter) (D:15)
  Pikel (D:7)
  3 lindwurms
  3 orc knights
  5 salamanders
  2 mana vipers
  12 ugly things
  An orc sorcerer (Orc:2)
  A wolf spider (D:15)
  A deep elf mage (D:14)
  4 cyclopes
  2 manticores (D:15)
  A guardian serpent (shapeshifter) (D:15)
  2 elephants (Lair:1)
  4 naga magi
  11 black mambas
  4 guardian serpents
  An apocalypse crab (Gauntlet)
  A gargoyle (D:14)
  10 spiny frogs
  A rime drake (Lair:6)
  A komodo dragon (Lair:6)
  2 yaktaurs (D:15)
  A kobold demonologist (D:14)
  5 trolls
  A red devil (Volcano)
  A queen bee (shapeshifter) (Gauntlet)
  2 tengu conjurers (D:15)
  Prince Ribbit (D:6)
  A tyrant leech (Lair:6)
  4 slime creatures
  2 hornets
  A harpy skeleton (D:15)
  12 blink frogs
  7 hippogriffs
  A spriggan (D:15)
  2 wyverns (D:9)
  A basilisk (D:15)
  12 yaks
  2 hogs (Lair:4)
  A wraith (D:11)
  3 humans (D:14)
  A wyvern (shapeshifter) (Gauntlet)
  A basilisk (shapeshifter) (Gauntlet)
  A hungry ghost (D:11)
  4 vampire mosquitoes
  13 nagas
  6 water moccasins
  A hell hound (Volcano)
  A floating eye (D:15)
  A porcupine (D:9)
  3 sky beasts
  6 orc warriors
  A hornet zombie (D:8)
  2 slaves (D:7)
  3 ice beasts (D:9)
  2 black bears
  4 phantoms
  7 wolves (Lair:6)
  13 ogres
  A necrophage (D:9)
  2 boggarts (D:15)
  An elephant zombie (Lair:4)
  4 centaurs
  12 crocodiles
  2 big kobolds
  21 bullfrogs
  2 wyvern skeletons
  3 scorpions
  10 killer bees
  A troll zombie (D:11)
  2 vampire bats (D:4)
  12 wights
  An electric eel (Lair:4)
  2 howler monkeys (D:10)
  4 centaur zombies
  2 bullfrog zombies
  8 crimson imps
  A jelly (D:13)
  A basilisk zombie (Lair:4)
  4 centaur skeletons
  A gnoll shaman (D:10)
  3 orc priests
  2 bullfrog skeletons
  6 hounds
  5 orc wizards
  Natasha (thrice) (D:2)
  4 iguanas
  2 hell rats (Lair:5)
  3 worker ants
  A crocodile zombie (Lair:4)
  7 ogre zombies (D:11)
  2 hound zombies
  A howler monkey zombie (D:8)
  6 gnolls
  9 adders
  7 shadow imps
  An adder skeleton (D:7)
  2 worms (D:2)
  3 dart slugs
  5 leopard geckos
  18 orcs
  5 bats
  4 bat skeletons (D:4)
  2 bat zombies (D:4)
  4 giant cockroaches
  7 goblins
  9 hobgoblins
  6 quokkas
  A ball python (D:2)
  3 frilled lizards
  2 goblin skeletons (D:11)
  5 goblin zombies (D:11)
  A hobgoblin skeleton (D:11)
  2 hobgoblin zombies (D:11)
  A jackal skeleton (D:4)
  13 kobolds
  9 orc zombies (D:11)
  9 rats
  3 fungi
  2 plants
513 creatures vanquished.

Vanquished Creatures (collateral kills)
  Vashnia (Snake:3)
  Rupert (D:15)
  Kirke (Lair:4)
  3 nagarajas
  A frost giant (D:15)
  An orc warlord (Orc:2)
  An ettin (D:15)
  A vault guard (D:15)
  11 naga warriors
  4 hydras
  4 anacondas
  4 two-headed ogres
  2 centaur warriors
  A death yak (Lair:5)
  3 tengu warriors (D:15)
  11 naga sharpshooters
  A shock serpent (Snake:4)
  Nergalle (Orc:2)
  2 salamander mystics (Snake:3)
  7 skeletal warriors
  An unseen horror (D:14)
  4 naga ritualists (Snake:4)
  3 orc knights (Orc:2)
  A necromancer (Lair:4)
  15 ugly things
  A harpy (D:14)
  9 salamanders
  A salamander (shapeshifter) (D:14)
  11 black mambas
  2 guardian serpents
  2 elephants (Lair:1)
  18 spiny frogs
  2 centaur skeletons
  10 naga magi
  3 rime drakes
  5 yaktaurs (D:15)
  An efreet (D:15)
  10 komodo dragons
  A merfolk (Lair:2)
  2 trolls
  17 blink frogs
  A slime creature (D:13)
  4 tyrant leeches (Lair:6)
  4 hippogriffs
  2 shadows
  2 wraiths
  A vampire (D:15)
  13 humans (D:14)
  2 wyverns
  22 yaks
  A basilisk (Lair:4)
  3 hogs (Lair:4)
  13 vampire mosquitoes
  A hungry ghost (D:13)
  18 nagas
  A soldier ant (D:14)
  2 acid dragons
  A floating eye (D:15)
  2 water moccasins
  3 porcupines
  9 orc warriors
  An ice beast (D:15)
  An eye of draining (D:13)
  An elephant zombie (Lair:4)
  4 centaurs
  2 ogres
  7 wolves (Lair:6)
  2 boggarts (D:15)
  9 crocodiles
  17 bullfrogs
  2 killer bees (D:12)
  4 wights
  2 electric eels (Lair:4)
  3 crimson imps
  3 orc priests
  2 quasits
  A hound (D:12)
  4 orc wizards
  A worker ant (D:12)
  An iguana (D:9)
  5 hell rats (Lair:5)
  An adder (D:11)
  A shadow imp (D:15)
  7 orcs
  A quokka (D:12)
  A goblin zombie (D:11)
  A hobgoblin zombie (D:11)
  2 kobolds (D:11)
  2 orc skeletons (D:11)
  2 orc zombies (D:11)
  A butterfly (Lair:6)
  2 fungi
  6 plants
384 creatures vanquished.

Vanquished Creatures (others)
  Nergalle (thrice) (D:15 Snake:2 Snake:4)
  An orc high priest (Orc:2)
  2 orc knights
  An orc sorcerer (Orc:2)
  A black mamba (Snake:4)
  9 orc warriors
  10 orc priests
  16 orc wizards
  27 orcs
  A rat (D:2)
  16 demonic plants (Gauntlet)
  11 fungi
  20 plants
  4 withered plants (D:7)
122 creatures vanquished.

Grand Total: 1019 creatures vanquished

Notes
Turn   | Place    | Note
-------+----------+-------------------------------------------
     0 | D:1      | Hogrash the Hill Orc Monk began the quest for the Orb.
     0 | D:1      | Reached XP level 1. HP: 19/19 MP: 1/1
   280 | D:1      | Reached XP level 2. HP: 7/26 MP: 2/2
   539 | D:1      | Reached skill level 4 in Polearms
  1036 | D:2      | Reached XP level 3. HP: 31/31 MP: 3/3
  1053 | D:2      | Found a radiant altar of Vehumet.
  1066 | D:2      | Reached skill level 1 in Armour
  1095 | D:1      | Reached skill level 5 in Polearms
  1095 | D:1      | Reached XP level 4. HP: 15/39 MP: 4/4
  1352 | D:2      | Found a shadowy altar of Dithmenos.
  1504 | D:2      | Found a stormy altar of Qazlal.
  1504 | D:2      | Noticed Natasha
  1521 | D:2      | Killed Natasha
  1555 | D:2      | Noticed Natasha
  1562 | D:2      | Killed Natasha
  1562 | D:2      | Reached XP level 5. HP: 37/45 MP: 5/5
  1833 | D:2      | Found an iron altar of Okawaru.
  1913 | D:2      | Noticed Natasha
  1925 | D:2      | Killed Natasha
  1925 | D:2      | Reached skill level 6 in Polearms
  2089 | D:3      | Found a bloodstained altar of Trog.
  2618 | D:3      | Found a hide-covered altar of Uskayaw.
  2682 | D:4      | Got a polished helmet
  2688 | D:4      | Identified the cursed +0 helmet of the Devil's Advocate
                  | {Regen+ Dex+2} (You found it on level 4 of the Dungeon)
  2705 | D:4      | Found a burning altar of Makhleb.
  2775 | D:4      | Found a shimmering altar of Xom.
  2779 | D:4      | Found a shimmering altar of Xom.
  2779 | D:4      | Found a shimmering altar of Xom.
  2779 | D:4      | Found a shimmering altar of Xom.
  2779 | D:4      | Found a shimmering altar of Xom.
  2784 | D:4      | Noticed an ogre
  2831 | D:4      | Killed an ogre
  2831 | D:4      | Reached XP level 6. HP: 11/51 MP: 6/6
  2932 | D:4      | Found a shimmering altar of Xom.
  2935 | D:4      | Found a shimmering altar of Xom.
  3303 | D:4      | Found an ancient bone altar of Kikubaaqudgha.
  3322 | D:4      | Reached skill level 7 in Polearms
  3410 | D:5      | Entered Level 5 of the Dungeon
  3430 | D:5      | Noticed a phantom
  3479 | D:5      | Killed a phantom
  3479 | D:5      | Reached XP level 7. HP: 44/57 MP: 7/7
  3627 | D:5      | Found a hazy altar of Hepliaklqana.
  3651 | D:5      | Found a white marble altar of Elyvilon.
  3702 | D:5      | Reached skill level 8 in Polearms
  3917 | D:4      | Reached XP level 8. HP: 60/66 MP: 8/8
  4201 | D:6      | Noticed a troll
  4250 | D:6      | Found Jyask's Magic Scroll Emporium.
  4258 | D:6      | Bought a scroll of identify for 26 gold pieces
  4456 | D:6      | Reached skill level 9 in Polearms
  4495 | D:6      | Found Loar Deu's Gadget Boutique.
  4533 | D:6      | Found a stormy altar of Qazlal.
  4807 | D:6      | Found a staircase to the Ecumenical Temple.
  5014 | D:6      | Reached skill level 5 in Armour
  5022 | D:6      | HP: 2/67 [troll (2)]
  5051 | D:6      | Killed a troll
  5051 | D:6      | Reached skill level 5 in Fighting
  5213 | D:6      | Reached skill level 10 in Polearms
  5296 | D:6      | Noticed Prince Ribbit
  5332 | D:6      | Killed Prince Ribbit
  5332 | D:6      | Reached XP level 9. HP: 65/74 MP: 9/9
  5349 | D:6      | Found Amiez's Armour Emporium.
  5352 | D:6      | Became a worshipper of Beogh the Brigand
  5352 | D:6      | Reached * piety under Beogh
  5352 | D:6      | Reached ** piety under Beogh
  5813 | D:7      | Reached skill level 11 in Polearms
  5963 | D:7      | Found a runed translucent gate.
  5963 | D:7      | Found a runed translucent gate.
  5963 | D:7      | Found a runed translucent gate.
  5963 | D:7      | Noticed davaitedunem's ghost (novice TrFi)
  5977 | D:7      | Noticed schauveau's ghost (novice CeHu)
  5977 | D:7      | Noticed DavidChitty2's ghost (novice HOFi)
  6434 | D:7      | Found a glowing silver altar of Zin.
  6714 | D:8      | Noticed Harold
  6736 | D:8      | Paralysed by Harold for 6 turns
  6755 | D:8      | Paralysed by Harold for 6 turns
  6874 | D:8      | Noticed Pikel
  7104 | D:7      | Killed Pikel
  7104 | D:7      | Reached skill level 12 in Polearms
  7104 | D:7      | Reached XP level 10. HP: 56/86 MP: 10/10
  7351 | D:8      | Found a glowing golden altar of the Shining One.
  7370 | D:8      | Noticed a two-headed ogre
  7380 | D:8      | Killed a two-headed ogre
  7535 | D:8      | Reached *** piety under Beogh
  7629 | D:8      | Killed Harold
  7792 | D:8      | Reached skill level 13 in Polearms
  8351 | D:9      | Reached XP level 11. HP: 92/94 MP: 11/11
  8442 | D:9      | Found a staircase to the Lair.
  8505 | D:9      | Reached skill level 14 in Polearms
  8559 | D:9      | Found a sacrificial altar of Ru.
  8610 | D:9      | Noticed Gastronok
  8677 | D:9      | Killed Gastronok
  8677 | D:9      | Reached skill level 1 in Invocations
  8997 | D:9      | Reached **** piety under Beogh
  9606 | D:10     | Entered Level 10 of the Dungeon
  9665 | D:10     | Found Retijycs's Antique Weapon Boutique.
  9675 | D:10     | Bought a runed bardiche for 240 gold pieces
  9770 | D:10     | Gained Bladwarg as an ally
  9799 | D:10     | Got a steaming hunting sling
  9800 | D:10     | Identified the +2 hunting sling of Yziulish {speed, Str+2}
                  | (You found it on level 10 of the Dungeon)
  9980 | D:10     | Noticed a centaur warrior
  9984 | D:10     | Killed a centaur warrior
  9984 | D:10     | Reached skill level 15 in Polearms
 10305 | D:11     | Found Eqautow's Distillery.
 10366 | D:11     | Found a staircase to the Orcish Mines.
 10372 | D:11     | Gained Morguth as an ally
 10372 | D:11     | Your ally Morguth died
 10416 | D:11     | Reached ***** piety under Beogh
 10476 | Orc:1    | Entered Level 1 of the Orcish Mines
 10503 | Orc:1    | Noticed an orc knight
 10514 | Orc:1    | Killed an orc knight
 10772 | Orc:1    | Noticed an ettin
 10787 | Orc:1    | Killed an ettin
 10787 | Orc:1    | Reached XP level 12. HP: 33/104 MP: 13/13
 10911 | Orc:1    | Reached skill level 16 in Polearms
 11165 | Orc:2    | Entered Level 2 of the Orcish Mines
 11246 | Orc:2    | Found a staircase to the Elven Halls.
 11730 | D:11     | Found a burning altar of Makhleb.
 11888 | Lair:1   | Entered Level 1 of the Lair of Beasts
 12125 | Lair:1   | Got a polished falchion
 12126 | Lair:1   | Identified the +9 falchion of Corruption {flame, -Tele
                  | rElec rC- Int+8} (You found it on level 1 of the Lair of
                  | Beasts)
 12185 | Lair:1   | Reached skill level 10 in Armour
 12197 | Lair:1   | Noticed Urug
 13497 | Lair:2   | Found a staircase to the Snake Pit.
 14114 | Lair:2   | Found a staircase to the Shoals.
 14369 | Lair:2   | Reached skill level 17 in Polearms
 14467 | Lair:3   | Found a gate leading to a gauntlet.
 14477 | Gauntlet | Entered a Gauntlet
 14477 | Gauntlet | Found a transporter.
 14477 | Gauntlet | Found a transporter.
 14477 | Gauntlet | Found a transporter.
 14496 | Gauntlet | Found a transporter.
 14505 | Gauntlet | Noticed a tengu warrior
 14507 | Gauntlet | Found a transporter.
 14521 | Gauntlet | Found a transporter.
 14533 | Gauntlet | Found a transporter.
 14546 | Gauntlet | Found a transporter.
 14552 | Gauntlet | Found a transporter.
 14566 | Gauntlet | Found a transporter.
 14585 | Gauntlet | Found a transporter.
 14587 | Gauntlet | Found a transporter.
 14687 | Gauntlet | Noticed a two-headed ogre
 14687 | Gauntlet | a cyclops changed into a two-headed ogre
 15024 | Gauntlet | Got a pair of ancient boots
 15059 | Gauntlet | Got a shimmering iron ring
 15073 | Gauntlet | Identified the cursed ring of Isoacyti {rC++ Slay-2} (You
                  | found it in a Gauntlet)
 15084 | Gauntlet | Identified the cursed +0 pair of boots of the Sun {Int+4}
                  | (You found it in a Gauntlet)
 15118 | Gauntlet | Identified the +1 rapier of Sadakk Ikhu {protect, *Drain
                  | +Fly Str+4 Int+4}
 15118 | Gauntlet | Identified the +9 scale mail of Depression {Int+4}
 15118 | Gauntlet | Noticed a minotaur
 15132 | Gauntlet | Killed a minotaur
 15132 | Gauntlet | Reached skill level 10 in Fighting
 15149 | Gauntlet | Identified the Tome of Curses
 15151 | Gauntlet | Got a faintly glowing robe
 15153 | Gauntlet | Identified the Collected Works on Feathers
 15252 | Lair:3   | Identified the +2 robe of the Bagpipe {+Inv rF++ rCorr
                  | MP+9} (You found it in a Gauntlet)
 16193 | Lair:4   | Reached XP level 13. HP: 111/113 MP: 14/14
 16298 | Lair:4   | Reached skill level 18 in Polearms
 16299 | Lair:4   | Noticed Kirke
 16301 | Lair:4   | Killed Kirke
 16690 | Lair:4   | You fall through a shaft!
 16862 | Lair:4   | Found a blossoming altar of Fedhas.
 17890 | Lair:5   | Reached ****** piety under Beogh
 17963 | Lair:5   | Reached skill level 19 in Polearms
 18100 | Lair:5   | Got a shimmering dire flail
 18101 | Lair:5   | Identified the cursed +1 dire flail "Coyssup" {pain, +Blink
                  | Int+2} (You found it on level 5 of the Lair of Beasts)
 18403 | Lair:5   | Found a staircase to the Slime Pits.
 18610 | Lair:6   | Entered Level 6 of the Lair of Beasts
 18751 | Lair:6   | Found a dark tunnel.
 18805 | Volcano  | Entered a volcano
 19357 | Lair:6   | Reached XP level 14. HP: 122/122 MP: 13/15
 19693 | Lair:6   | Reached skill level 20 in Polearms
 19790 | Lair:6   | Found a hazy altar of Hepliaklqana.
 21099 | Orc:2    | Found Peagenen's Food Shop.
 21121 | Orc:2    | Noticed an orc warlord
 21129 | Orc:2    | Killed an orc warlord
 21131 | Orc:2    | Noticed Nergalle
 21142 | Orc:2    | Killed Nergalle
 21146 | Orc:2    | Found a roughly hewn altar of Beogh.
 21156 | Orc:2    | Found Xeseic's General Store.
 21162 | Orc:2    | Found Osirr's Antique Weapon Emporium.
 21166 | Orc:2    | Found Nucvoeju's Book Emporium.
 21204 | Orc:2    | Found Wejea's Antique Armour Emporium.
 21722 | D:12     | Gained Thorok as an ally
 21813 | D:12     | Reached skill level 21 in Polearms
 22029 | D:12     | Identified the +2 leather armour of Fun and Games {-Tele
                  | MR+ Str+2 Slay+2}
 22048 | D:12     | Found a hide-covered altar of Uskayaw.
 22174 | D:12     | Gained Ognian as an ally
 22311 | D:13     | Found Daomar Gocu's Magic Scroll Boutique.
 22332 | D:13     | Bought a scroll of brand weapon for 280 gold pieces
 22413 | D:13     | Found Ewuewo's General Store.
 22440 | D:13     | Found Cuter Buh's Book Shoppe.
 22553 | D:13     | Found Diliet's Gadget Shoppe.
 22645 | D:13     | Found Legayx's Jewellery Shoppe.
 22648 | D:13     | Bought a cursed amulet of inaccuracy for 30 gold pieces
 22860 | D:14     | Your ally Thorok died
 22870 | D:14     | Reached XP level 15. HP: 132/132 MP: 16/16
 22879 | D:14     | Your ally Ognian died
 22932 | D:14     | Found a gate to the Vaults.
 22960 | D:14     | Got a faintly glowing scale mail
 22971 | D:14     | Identified the +2 scale mail "Momoxtiu" {Str+3} (You found
                  | it on level 14 of the Dungeon)
 23023 | D:14     | Reached skill level 22 in Polearms
 23478 | D:14     | Noticed Nessos
 23492 | D:14     | Killed Nessos
 23988 | D:14     | Found a portal to a secret trove of treasure.
 24125 | D:15     | Entered Level 15 of the Dungeon
 24246 | D:15     | Got a transparent platinum ring
 24248 | D:15     | Identified the ring of Devotion {rCorr +Inv rC+} (You found
                  | it on level 15 of the Dungeon)
 24458 | D:15     | Found a staircase to the Depths.
 24462 | D:15     | Your ally died
 24653 | D:15     | Got a glittering turquoise ring
 24655 | D:15     | Identified the ring "Lamapt" {rPois rF+ MR- Str+3 Int+2}
                  | (You found it on level 15 of the Dungeon)
 24665 | D:15     | Reached XP level 16. HP: 111/140 MP: 16/21
 24725 | D:15     | Noticed Rupert
 24725 | D:15     | Paralysed by Rupert for 2 turns
 24734 | D:15     | Killed Rupert
 24996 | D:15     | Got a scintillating iron ring
 24998 | D:15     | Identified the ring of the Special Beds {Ice +Inv rN+ Dex+2
                  | Stlth-} (You found it on level 15 of the Dungeon)
 25230 | D:15     | Found a shadowy altar of Dithmenos.
 25537 | D:15     | Found a shimmering altar of Xom.
 25590 | D:15     | Got a dazzling falchion
 25591 | D:15     | Identified the +8 falchion of Umicril {flame, Int+3} (You
                  | found it on level 15 of the Dungeon)
 25691 | D:15     | Found an opulent altar of Gozag.
 25983 | Snake:1  | Entered Level 1 of the Snake Pit
 27097 | Snake:2  | Reached XP level 17. HP: 132/149 MP: 22/22
 27195 | Snake:2  | Found a runed translucent gate.
 27195 | Snake:2  | Found a runed translucent gate.
 27195 | Snake:2  | Found a runed translucent gate.
 27196 | Snake:2  | Noticed daning's ghost (adept DECj)
 27209 | Snake:2  | Killed daning's ghost
 27882 | Snake:2  | Your ally died
 28082 | Snake:2  | Noticed Frances
 28096 | Snake:2  | Killed Frances
 28725 | Snake:3  | Reached skill level 23 in Polearms
 30314 | Snake:3  | Noticed Vashnia
 30332 | Snake:3  | Killed Vashnia
 30795 | D:10     | Bought the +8 frozen axe "Frostbite" {freezing cloud,
                  | *Noise +Fly rC+} for 1412 gold pieces
 30795 | D:10     | Found the +8 frozen axe "Frostbite" {freezing cloud, *Noise
                  | +Fly rC+}
 30957 | Snake:4  | Entered Level 4 of the Snake Pit
 30992 | Snake:4  | Found a blossoming altar of Fedhas.
 31148 | Snake:4  | Your ally died
 31148 | Snake:4  | Reached skill level 15 in Fighting
 31154 | Snake:4  | HP: 1/156 [naga sharpshooter/bolt (9)]
 31154 | Snake:4  | Slain by a guardian serpent

Skill      XL: |  1  2  3  4  5  6  7  8  9 10 11 12 13 14 15 16 17 |
---------------+----------------------------------------------------+-----
Polearms       | 4 5 6 7 8 10 12 13 15 17 19 21 22 23 | 23.4
Armour         | 1 2 3 4 5 7 9 10 11 12 13 | 13.8
Fighting       | 4 5 7 8 9 10 11 12 13 15 | 15.0
Invocations    | 2 7 |  7.6
Dodging        | |  2.4
Stealth        | |  1.5
Evocations     | |  0.1

Action                   |  1- 3 |  4- 6 |  7- 9 | 10-12 | 13-15 | 16-18 || total
-------------------------+-------+-------+-------+-------+-------+-------++-------
Melee: Spear             |   100 |   264 |   865 |    43 |       |       ||  1272
       Halberd           |       |       |       |   320 |       |       ||   320
       Bardiche          |       |       |       |   308 |   585 |   309 ||  1202
       Trident           |       |       |       |       |    26 |       ||    26
 Fire: Hunting sling     |       |       |       |     1 |       |       ||     1
Invok: Convert to Beogh  |       |       |     1 |       |       |       ||     1
       Recall Orcish Fol |       |       |       |       |    12 |     5 ||    17
       Resurrection      |       |       |       |       |     2 |     1 ||     3
       Smiting           |       |       |       |       |       |     1 ||     1
       Give Item to Name |       |       |       |       |       |     1 ||     1
Evoke: Wand              |       |       |       |     3 |       |       ||     3
       Lamp of fire      |       |       |       |       |       |     1 ||     1
  Use: Scroll            |     2 |       |     6 |    15 |    11 |     9 ||    43
       Potion            |     1 |       |     5 |     8 |     3 |     7 ||    24
 Stab: Sleeping          |     3 |       |       |       |       |       ||     3
       Invisible         |       |       |     1 |     3 |       |       ||     4
       Distracted        |       |       |       |     3 |     8 |     3 ||    14
  Eat: Chunk             |       |     8 |     7 |    26 |    30 |     4 ||    75
       Ration            |       |       |     2 |     1 |     1 |     4 ||     8
Armor: Leather armour    |     5 |       |       |       |       |       ||     5
       Robe              |     1 |       |       |       |       |       ||     1
       Chain mail        |    24 |   125 |   381 |   292 |       |       ||   822
       Scale mail        |       |       |       |    12 |   266 |   175 ||   453
Dodge: Dodged            |    37 |    67 |   251 |   342 |   374 |   138 ||  1209
